 Dungeon Crawl Stone Soup version 0.30.1-11-g7821555f0a (webtiles) character file.

Game seed: 12602816320807788361

389 growler the Gusty (level 6, 0/32 HPs)
             Began as a Tengu Air Elementalist on Nov 10, 2023.
             Slain by an elf zombie (6 damage)
             ... in an ossuary.
             The game lasted 00:07:55 (3815 turns).

growler the Gusty (Tengu Air Elementalist)          Turns: 3815, Time: 00:07:56

Health: 0/32       AC:  2    Str:  8    XL:     6   Next: 79%
Magic:  1/11       EV: 16    Int: 18    God:
Gold:   118        SH:  0    Dex: 14    Spells: 8/11 levels left

rFire   . . .        c - +1 dagger (speed)
rCold   . . .        (no shield)
rNeg    . . .        a - +0 robe
rPois   .            (helmet restricted)
rElec   .            (no cloak)
rCorr   .            (no gloves)
SInv    .            (boots unavailable)
Will    .....        (no amulet)
Stlth   ++           (no ring)
HPRegen 0.25/turn    (no ring)
MPRegen 0.12/turn

%: no passive effects
@: flying quickly and evasively, quick
A: beak, talons 3, nimble flight
a: no special abilities


You were in an ossuary.
You visited 1 branch of the dungeon, and saw 4 of its levels.
You also visited: Ossuary.

You collected 118 gold pieces.

Inventory:

Hand Weapons
 c - a +1 dagger of speed (weapon)
Armour
 a - a +0 robe (worn)
Jewellery
 t - a ring of poison resistance
Wands
 p - a wand of digging (7)
Scrolls
 d - a scroll of enchant armour {unknown}
 e - a scroll of fog {unknown}
 f - 2 scrolls of blinking {unknown}
 h - a scroll of poison {unknown}
 i - a scroll of fear {unknown}
 l - a scroll of magic mapping {unknown}
 m - a scroll of enchant weapon {unknown}
 o - 2 scrolls of teleportation {unknown}
 q - a scroll of vulnerability {unknown}
 u - a scroll of summoning {unknown}
Potions
 b - a potion of magic
 g - 2 potions of curing
 j - a potion of resistance {unknown}
 k - a potion of might {unknown}
 n - 2 potions of flight
 r - 2 potions of cancellation {unknown}
 s - 2 potions of ambrosia {unknown}


   Skills:
 + Level 3.8 Dodging
 + Level 3.8 Stealth
 + Level 3.2 Spellcasting
 + Level 4.0 Conjurations
 + Level 5.6 Air Magic


You had 8 spell levels left.
You knew the following spells:

 Your Spells              Type           Power      Damage    Failure   Level
a - Shock                 Conj/Air       80%        1d8       2%          1
b - Static Discharge      Conj/Air       40%        2-4/arc   3%          2

Your spell library contained the following spells:

 Spells                   Type           Power      Damage    Failure   Level
 Swiftness                Air            23%        N/A       4%          3
 Slow                     Hex            8%         N/A       16%         1
 Airstrike                Air            11%        2d(2-18)  16%         4
 Confusing Touch          Hex            2%         N/A       43%         3
 Vampiric Draining        Necr           2%         2d6       43%         3


Dungeon Overview and Level Annotations

Branches:
Dungeon (4/15)            Ossuary (1/1)
 Temple: D:4-7

Altars:
Elyvilon


Innate Abilities, Weirdness & Mutations

You have a beak for a mouth.
You have claws for feet.
Your magical nature lets you fly swiftly and evasively.


Message History

The elf zombie closely misses you.
You completely miss the elf zombie.
The elf zombie is almost destroyed.
You barely miss the elf zombie.
You peck the elf zombie, but do no damage.
The elf zombie is almost destroyed.
The elf zombie barely misses you.
You hit the elf zombie. Your kick misses the elf zombie.
The elf zombie is almost destroyed.
You hit the elf zombie. You claw the elf zombie.
You destroy the elf zombie!
Your Conjurations skill increases to level 4!
The elf zombie hits you. The elf zombie hits you.
* * * LOW HITPOINT WARNING * * *
The elf zombie hits you but does no damage.
There is a gate leading back out of this place here.
Okay, then.
Unknown command.
You hit the elf zombie. You claw the elf zombie.
The elf zombie is severely damaged.
You closely miss the elf zombie. Your kick misses the elf zombie.
You peck the elf zombie, but do no damage.
The elf zombie is severely damaged.
The elf zombie hits you.
* * * LOW HITPOINT WARNING * * *
Casting: Shock (safe; 2% risk of failure)
Confirm with . or Enter, or press ? or * to list all spells.
The elf zombie is struck by an arc of lightning.
The elf zombie is severely damaged.
You are struck by an arc of lightning.
* * * LOW HITPOINT WARNING * * *
The elf zombie is struck by an arc of lightning.
The elf zombie is severely damaged.
The lightning grounds out.
You hit the elf zombie but do no damage.
You peck the elf zombie, but do no damage.
The elf zombie is severely damaged.
The elf zombie hits you.
You die...

#.# #'#
###.###
##.....##
#.......#
##...∩...##
+...∩∩∩...+
##...∩...##
#@Z.....#
##.....##
###.### #+#


You could see an elf zombie.

Vanquished Creatures
  2 elf zombies (Ossuary)
  A gnoll bouda (D:4)
  Jessica (D:3)
  A mummy (Ossuary)
  7 gnolls (D:4)
  5 adders
  2 dart slugs
  8 orcs
  4 ball pythons
  4 bats
  4 endoplasms
  3 giant cockroaches
  A goblin (D:1)
  10 hobgoblins
  4 jackals (D:2)
  A quokka (D:2)
  4 frilled lizards
  6 kobolds
  2 rats
70 creatures vanquished.

Notes
Turn   | Place    | Note
-------+----------+-------------------------------------------
     0 | D:1      | growler the Tengu Air Elementalist began the quest for the
                  | Orb.
     0 | D:1      | Reached XP level 1. HP: 10/10 MP: 4/4
   150 | D:1      | Reached XP level 2. HP: 14/15 MP: 1/6
   157 | D:1      | Learned a level 2 spell: Static Discharge
  1169 | D:2      | Found a white marble altar of Elyvilon.
  1211 | D:2      | Reached XP level 3. HP: 19/19 MP: 0/7
  2063 | D:3      | Reached XP level 4. HP: 12/24 MP: 1/8
  2388 | D:3      | Noticed Jessica
  2389 | D:3      | Killed Jessica
  2433 | D:3      | Identified the +0 ring mail of Hedging {rElec rF+}
  2548 | D:3      | Gained mutation: Your magical nature lets you fly swiftly
                  | and evasively. [Tengu growth]
  2548 | D:3      | Reached XP level 5. HP: 25/28 MP: 0/10
  2939 | D:3      | Reached skill level 5 in Air Magic
  3424 | D:4      | Reached XP level 6. HP: 18/32 MP: 3/11
  3719 | D:4      | Found a sand-covered staircase.
  3735 | Ossuary  | Entered an ossuary
  3815 | Ossuary  | Slain by an elf zombie

Illustrated notes

Levels and vault maps discovered:
D:1:      dpeg_arrival_windows_large_door, layout_loops_corners, minmay_cut_off
D:2:      layout_basic, basic_altar
D:3:      layout_loops_ring, uniq_jessica
D:4:      layout_layer_cave, lightli_ossuary_entry_decrepit_ruins
Ossuary:  ossuary_minmay_four_chambers

Skill      XL: |  1  2  3  4  5  6 |
---------------+-------------------+-----
Conjurations   | 2 3 4 |  4.0
Dodging        | 3 |  3.8
Stealth        | 3 |  3.8
Air Magic      | 5 |  5.6
Spellcasting   | 3 |  3.2

Action                     |  1- 3 |  4- 6 || total
---------------------------+-------+-------++-------
  Melee: Unarmed           |     7 |       ||     7
         Kick              |     5 |    16 ||    21
         Peck              |     1 |    11 ||    12
         Dagger            |     6 |    48 ||    54
         Punch             |       |     1 ||     1
   Cast: Shock             |    66 |    97 ||   163
         Static Discharge  |       |     2 ||     2
    Use: Potion            |       |     2 ||     2
 Armour: Robe              |     2 |     5 ||     7
  Dodge: Dodged            |     9 |    29 ||    38
